 Dungeon Crawl Stone Soup version 0.30-a0-424-g7412bad402 (webtiles) character file.

Game seed: 17236928159302111751

98 AigisTheKnight the Firebug (level 4, -2/25 HPs)
             Began as a Tengu Fire Elementalist on Dec 10, 2022.
             Slain by an orc wizard
             ... wielding a +0 dagger
              (3 damage)
             ... on level 3 of the Dungeon.
             The game lasted 00:06:21 (3518 turns).

AigisTheKnight the Firebug (TeFE)                   Turns: 3518, Time: 00:06:22

Health: -2/25      AC:  3    Str:  9    XL:     4   Next: 71%
Magic:  1/8        EV: 12    Int: 17    God:
Gold:   69         SH:  0    Dex: 14    Spells: 5/8 levels left

rFire   . . .      SeeInvis .    o - +3 spear
rCold   . . .      Faith    .    j - +0 buckler
rNeg    . . .      Spirit   .    a - +0 robe
rPois   .          Reflect  .    (helmet restricted)
rElec   .          Harm     .    (no cloak)
rCorr   .          Rampage  .    r - +0 pair of gloves
Will    .....                    (boots unavailable)
Stlth   +.........               (no amulet)
HPRegen 0.24/turn                (no ring)
MPRegen 0.11/turn                (no ring)

@: confused
A: beak, talons 3
a: no special abilities


You were on level 3 of the Dungeon.
You visited 1 branch of the dungeon, and saw 3 of its levels.

You collected 69 gold pieces.

Inventory:

Hand Weapons
 m - a +0 whip
 o - a +3 spear (weapon)
Missiles
 g - 3 datura-tipped darts
 n - 8 poisoned darts
Armour
 a - a +0 robe (worn)
 j - a +0 buckler (worn)
 r - a +0 pair of gloves (worn)
Scrolls
 c - a scroll of fog {unknown}
 f - 2 scrolls of blinking {unknown}
 h - a scroll of teleportation {unknown}
 i - a scroll of immolation {unknown}
 k - 2 scrolls of enchant armour {unknown}
 l - 4 scrolls of identify {unknown}
 u - a scroll of torment {unknown}
Potions
 b - a potion of magic
 d - 2 potions of curing {unknown}
 e - 2 potions of haste {unknown}
 p - a potion of mutation {unknown}
 q - a potion of cancellation {unknown}
 s - a potion of heal wounds {unknown}
 t - a potion of berserk rage {unknown}


   Skills:
 + Level 1.3 Fighting
 + Level 2.9 Dodging
 - Level 2.1 Stealth
 + Level 1.0 Shields
 + Level 2.5 Spellcasting
 + Level 2.7 Conjurations
 + Level 0.0 Summonings
 + Level 3.8 Fire Magic


You had 5 spell levels left.
You knew the following spells:

 Your Spells              Type           Power      Damage    Failure   Level
a - Foxfire               Conj/Fire      52%        2x1d6     6%          1
b - Scorch                Fire           30%        2d7       8%          2

Your spell library contained the following spells:

 Spells                   Type           Power      Damage    Failure   Level
 Inner Flame              Hex/Fire       8%         N/A       34%         3
 Ignite Poison            Fire/Tmut/Pois 6%         N/A       41%         3
 Kindle Blastsparks       Fire/Tloc/Air  12%        2d11      41%         3
 Flame Wave               Conj/Fire      13%        2d6       54%         4
 Vhi's Electric Charge    Tloc/Air       4%         N/A       58%         3
 Arcjolt                  Conj/Air       3%         1d13      98%         5
 Freezing Cloud           Conj/Ice/Air   2%         6-21      99%         5
 Summon Forest            Summ/Tloc      1%         N/A       100%        5
 Eringya's Noxious Bog    Tmut/Pois      1%         N/A       100%        6
 Summon Hydra             Summ           1%         N/A       100%        7
 Maxwell's Capacitive Co  Air            1%         ∞         100%        8


Dungeon Overview and Level Annotations

Branches:
Dungeon (3/15)

Altars:
Ashenzari

Shops:
D:1 !

Annotations:
D:2 Sigmund


Innate Abilities, Weirdness & Mutations

You have a beak for a mouth.
You have claws for feet.


Message History

The foxfire hits something.
The foxfire hits something but does no damage.
The orc priest mumbles some strange prayers to Beogh against you.
Pain shoots through your body! Something barely misses you.
Unknown command.
You barely miss the orc priest. Your peck misses the orc priest.
Something hits you. The orc priest barely misses you.
Something hits you but does no damage. The orc priest barely misses you.
The orc wizard mumbles some strange words.
The orc wizard flickers and vanishes!
Unknown command.
You barely miss the orc priest. You claw the orc priest.
The orc priest is lightly wounded.
Something hits you.
The orc priest hits you with a +0 dagger.
Your magical contamination has completely faded away.
You hit the orc priest. Your peck misses the orc priest.
The orc priest is moderately wounded.
You hear some strange, mumbled words.
You are confused.
Unknown command.
You closely miss the orc priest.
The orc priest is moderately wounded.
You hear some strange, mumbled words.
Something tries to affect you, but you resist.
Something hits you but does no damage.
The orc priest hits you with a +0 dagger.
Unknown command.
You bump into the rock wall.
Something hits you. The orc priest barely misses you. Something hits you.
Unknown command.
Something hits you.
The orc priest looks satisfied for a moment.
Unknown command.
You hear some strange, mumbled words.
A puff of flame appears from out of thin air!
The puff of flame hits you!
* * * LOW HITPOINT WARNING * * *
Something hits you.
You die...

#......~.......##.......
#.....~~~......###......
#.....~..~...### ##.....
#..........#># ####..
#........#.#.# #..
#..........#.# #..
#.........##.# #.†
#.........##.##### #..
#......@.........#####..
#....{.o.###.###....##..
#####)##.#..<...........
#.##.#.......######.
#.##.#.......# #.
#.##.######### #. #.##.#
.. #.#... .. #.# #..


You could see an orc priest.

Vanquished Creatures
  3 adders
  A worm (D:2)
  A dart slug (D:2)
  4 orcs
  3 endoplasms
  2 giant cockroaches
  2 goblins
  2 hobgoblins
  9 jackals (D:1)
  10 kobolds
  2 quokkas
  9 ball pythons
  4 bats
  A frilled lizard (D:1)
  5 rats
58 creatures vanquished.

Vanquished Creatures (others)
  250 foxfires
  17 withered plants (D:2)
267 creatures vanquished.

Grand Total: 325 creatures vanquished

Notes
Turn   | Place    | Note
-------+----------+-------------------------------------------
     0 | D:1      | AigisTheKnight the Tengu Fire Elementalist began the quest
                  | for the Orb.
     0 | D:1      | Reached XP level 1. HP: 10/10 MP: 4/4
   351 | D:1      | Reached XP level 2. HP: 15/15 MP: 1/6
   546 | D:1      | Found Raxzesch's Distillery.
  1051 | D:1      | Reached XP level 3. HP: 20/20 MP: 4/7
  1830 | D:2      | Reached skill level 1 in Fighting
  1918 | D:2      | Noticed Sigmund
  2015 | D:2      | Reached XP level 4. HP: 18/25 MP: 0/8
  2156 | D:2      | Found a faded altar of an unknown god.
  3221 | D:3      | Found a broken altar of Ashenzari.
  3418 | D:3      | Learned a level 2 spell: Scorch
  3492 | D:3      | Reached skill level 1 in Shields
  3517 | D:3      | HP: 1/25 [something/puff of flame (9)]
  3518 | D:3      | Slain by an orc wizard

Illustrated notes

Levels and vault maps discovered:
D:1:      giann_forest_graveyard, layout_basic, serial_shops,
          nicolae_shop_behind_doors, serial_curves, eino_curves_01,
          eino_curves_02, eino_curves_02
D:2:      layout_basic, shapermc_ecumenical_altar_flowoftime, uniq_sigmund
D:3:      minmay_goblin_kobold_castle, layout_rooms, overflow_temple_1_default,
          chequers_serial_rivers_micro_c

Skill      XL: |  1  2  3  4 |
---------------+-------------+-----
Conjurations   | 2 |  2.7
Fighting       | 1 |  1.3
Shields        | 1 |  1.0
Dodging        | |  2.9
Stealth        | |  2.1
Spellcasting   | |  2.5
Fire Magic     | |  3.8

Action                   |  1- 3 |  4- 6 || total
-------------------------+-------+-------++-------
Melee: Unarmed           |     2 |       ||     2
       Spear             |       |    14 ||    14
       Whip              |       |     5 ||     5
       Kick              |       |     5 ||     5
       Peck              |       |     2 ||     2
 Cast: Foxfire           |   100 |    51 ||   151
       Scorch            |       |     1 ||     1
Armor: Robe              |     4 |     8 ||    12
Dodge: Dodged            |     5 |    23 ||    28
Block: Buckler           |       |     2 ||     2

Table legend: (Time is in decaauts)
 A = Elapsed time spent in this place.
 B = Non-inter-level travel time spent in this place.
 C = Inter-level travel time spent in this place.
 D = Time resting spent in this place.
 E = Time spent auto-exploring this place.
 F = Levels seen in this place.
 G = Mean time per level.
                   A        B        C        D        E       F      G
               +--------+--------+--------+--------+--------+-----+--------+
         Total |   3519 |   3273 |    246 |    279 |   2340 |   3 | 1173.0 |
       Dungeon |   3519 |   3273 |    246 |    279 |   2340 |   3 | 1173.0 |
               +--------+--------+--------+--------+--------+-----+--------+

Top non-repeatable levels by time:
     D:1: 1943 daAuts
     D:2: 1087 daAuts
     D:3: 488 daAuts
